 Dungeon Crawl Stone Soup version 0.27.1-1-g398f81649c (webtiles) character file.

Game seed: 13176333067640923840

59 Elvor the Charlatan (level 4, -4/25 HPs)
             Began as a Gargoyle Artificer on Sept 8, 2021.
             Killed from afar by Terence (5 damage)
             ... with a puff of flame
             ... on level 2 of the Dungeon.
             The game lasted 00:12:59 (1026 turns).

Elvor the Charlatan (Gargoyle Artificer)            Turns: 1026, Time: 00:13:00

Health: -4/25      AC: 11    Str: 17    XL:     4   Next: 3%
Magic:  4/4        EV: 10    Int: 11    God:
Gold:   64         SH:  0    Dex: 10    Spells: 3/3 levels left

rFire    . . .     SeeInvis .   o - +0 hand crossbow
rCold    . . .     Faith    .   (no shield)
rNeg     + . .     Spirit   .   m - +0 ring mail
rPois    ∞         Reflect  .   (no helmet)
rElec    +         Harm     .   (no cloak)
rCorr    .         Rampage  .   f - +1 pair of gloves
Will     .....                  (no boots)
Stlth    +.........             (no amulet)
HPRegen  0.08/turn              (no ring)
MPRegen  0.09/turn              (no ring)

@: no status effects
A: sickness immunity, AC +3, negative energy resistance 1, electricity
resistance, torment resistance 1, petrification resistance
a: no special abilities


You were on level 2 of the Dungeon.
You visited 1 branch of the dungeon, and saw 2 of its levels.

You collected 64 gold pieces.

Inventory:

Hand Weapons
 n - a +0 flail
 o - a +0 hand crossbow (weapon)
Missiles
 b - 16 bolts (quivered ammo)
 k - 79 stones
Armour
 f - a +1 pair of gloves (worn)
 m - a +0 ring mail (worn)
Wands
 c - a wand of flame (6)
 d - a wand of charming (10)
Scrolls
 a - a scroll of enchant armour {unknown}
 g - a scroll of identify {unknown}
 i - a scroll of blinking {unknown}
 j - a scroll of teleportation {unknown}
Potions
 h - 2 potions of curing {unknown}
 l - 2 potions of degeneration {unknown}
Miscellaneous
 e - a piece from Xom's chessboard (9/15)


   Skills:
 + Level 1.5 Fighting
 + Level 1.1 Maces & Flails
 + Level 2.6 Armour
 + Level 1.1 Dodging
 - Level 1.1 Stealth
 + Level 3.6 Evocations


You had 3 spell levels left.
You didn't know any spells.
Your spell library was empty.

Dungeon Overview and Level Annotations

Branches:
Dungeon (2/15)

Altars:

Shops:
D:1 [

Annotations:
D:2 Terence


Innate Abilities, Weirdness & Mutations

You are immune to sickness and miasma.
Your stone body is resilient. (AC +3)
You are immune to poison.
You resist negative energy. (rN+)
You are resistant to electric shocks. (rElec)
You are resistant to unholy torment.
You are immune to petrification.


Message History

You shoot a bolt. The bolt barely misses Terence.
Fire: 16 bolts
Press: ? - help, Q - select action, (/) - cycle Shift-Dir - straight line, f/p - Terence
Aim: Terence, wielding a +0 flail, wearing a +0 scale mail and carrying a wand of flame (18) (63% to hit)
You shoot a bolt. The bolt barely misses Terence.
Terence zaps a wand.
The puff of flame hits you.
Unknown command.
Aiming: Throw Flame
Press: ? - help, Shift-Dir - straight line, f/p - Terence
Aim: Terence, wielding a +0 flail, wearing a +0 scale mail and carrying a wand of flame (17) (75% to hit)
The puff of flame hits Terence but does no damage.
You make a move on Xom's chessboard...
Terence appears confused.
You make a move on Xom's chessboard...
Terence flickers and vanishes!
Deactivating autopickup; reactivate with Ctrl-A.
You see here a bolt.
b - 16 bolts (gained 1)
You barely miss something. Something hits you!
You clumsily bash something but do no damage.
Something says, "Why is everything spinning?"
Something shouts, "What's happening?!"
Something hits you but does no damage.
You barely miss something.
Your ring mail prevents you from hitting something.
Something hits you. Something hits you but does no damage.
You closely miss something.
You hear a zap.
A puff of flame appears from out of thin air!
The puff of flame hits you.
You clumsily bash something but do no damage.
Something hits you but does no damage. Something hits you.
You clumsily bash something but do no damage.
Something hits you!
* * * LOW HITPOINT WARNING * * *
You hear a zap.
A puff of flame appears from out of thin air!
The puff of flame hits you but does no damage.
You hear a zap.
A puff of flame appears from out of thin air!
The puff of flame hits you.
You die...

##.##. ....(. #.
#.#...# # ......#
#.###...#.#
.....((##.. ...#...
....#. ...##..#.#.##
!...###..#..#.#..#
#..###.#..#.##.###
#.)##...........# #
##...@...<......#
#### #{.............#
#...
#.#####........#####.
###.###
#..............
#.....#
#........######
#.....# ######...##
## #.....# #....####.
#.....# #.........
#.....# #..>#####.


There were no monsters in sight!

Vanquished Creatures
  An adder (D:2)
  A dart slug (D:1)
  3 endoplasms (D:1)
  3 giant cockroaches (D:1)
  4 hobgoblins (D:1)
  A jackal (D:1)
  2 quokkas (D:1)
  6 ball pythons (D:1)
  A bat (D:2)
  10 frilled lizards (D:1)
  4 goblins (D:1)
  4 kobolds
  4 rats
44 creatures vanquished.

Vanquished Creatures (collateral kills)
  A dart slug (D:2)
  A ball python (D:2)
  4 frilled lizards (D:1)
6 creatures vanquished.

Vanquished Creatures (others)
  A bat (D:1)
  A hobgoblin (D:1)
  A jackal (D:1)
  5 plants (D:1)
8 creatures vanquished.

Grand Total: 58 creatures vanquished

Notes
Turn   | Place    | Note
-------+----------+-------------------------------------------
     0 | D:1      | Elvor the Gargoyle Artificer began the quest for the Orb.
     0 | D:1      | Reached XP level 1. HP: 12/12 MP: 1/1
    73 | D:1      | Reached skill level 3 in Evocations
   157 | D:1      | Reached XP level 2. HP: 11/16 MP: 2/2
   377 | D:1      | Reached XP level 3. HP: 18/20 MP: 3/3
   507 | D:1      | Found Xiteap's Antique Armour Boutique.
   542 | D:1      | Reached skill level 1 in Dodging
   807 | D:2      | Reached skill level 1 in Maces & Flails
   807 | D:2      | Reached XP level 4. HP: 20/25 MP: 4/4
   887 | D:2      | Noticed Terence
  1024 | D:2      | HP: 1/25 [something (7)]
  1026 | D:2      | Killed from afar by Terence

Illustrated notes

Levels and vault maps discovered:
D:1:      dpeg_arrival_chambers_temple_mockup, layout_rooms, serial_shops, shop,
          minmay_lizard_king
D:2:      layout_rooms, chequers_ecumenical_altar_twisty,
          kennysheep_generic_room_8, uniq_terence

Skill      XL: |  1  2  3 |
---------------+----------+-----
Evocations     | 3 |  3.6
Dodging        | 1 |  1.1
Maces & Flails | 1 |  1.1
Fighting       | |  1.5
Armour         | |  2.6
Stealth        | |  1.1

Action                   |  1- 3 |  4- 6 || total
-------------------------+-------+-------++-------
Melee: Club              |   144 |       ||   144
       Flail             |     7 |    11 ||    18
       Hand crossbow     |       |     7 ||     7
 Fire: Hand crossbow     |       |     8 ||     8
Throw: Stone             |     6 |       ||     6
Evoke: Wand              |    13 |     1 ||    14
       Piece from Xom's  |     4 |     4 ||     8
 Stab: Sleeping          |     2 |       ||     2
       Petrified         |     3 |       ||     3
Armor: Leather armour    |    52 |       ||    52
       Ring mail         |    29 |    15 ||    44
Dodge: Dodged            |    92 |     6 ||    98
